 Dungeon Crawl Stone Soup version 0.30-a0-557-ge2afbf3030 (webtiles) character file.

Game seed: 4548463911949765748

208 HoaS the Shooter (level 5, -2/30 HPs)
             Began as a Tengu Hunter on Dec 27, 2022.
             Slain by an orc
             ... wielding a +2 falchion of protection
              (6 damage)
             ... on level 4 of the Dungeon.
             The game lasted 00:04:19 (2674 turns).

HoaS the Shooter (Tengu Hunter)                     Turns: 2674, Time: 00:04:19

Health: -2/30      AC:  4    Str: 12    XL:     5   Next: 86%
Magic:  6/6        EV: 14    Int:  9    God:
Gold:   197        SH:  0    Dex: 19    Spells: 4/4 levels left

rFire   . . .      SeeInvis .    a - +1 shortbow (heavy)
rCold   . . .      Faith    .    (shield currently unavailable)
rNeg    . . .      Spirit   .    c - +0 leather armour
rPois   .          Reflect  .    (helmet restricted)
rElec   .          Harm     .    (no cloak)
rCorr   .          Rampage  .    k - +0 pair of gloves
Will    .....                    (boots unavailable)
Stlth   ++                       (no amulet)
HPRegen 0.25/turn                (no ring)
MPRegen 0.10/turn                (no ring)

@: flying quickly and evasively, quick
A: beak, talons 3, nimble flight
a: no special abilities


You were on level 4 of the Dungeon.
You visited 1 branch of the dungeon, and saw 4 of its levels.

You collected 197 gold pieces.

Inventory:

Hand Weapons
 a - a +1 heavy shortbow (weapon)
Armour
 c - a +0 leather armour (worn)
 k - a +0 pair of gloves (worn)
Wands
 g - a wand of charming (11)
Scrolls
 b - a scroll of immolation
 j - a scroll of butterflies {unknown}
 l - a scroll of teleportation
Potions
 d - a potion of lignification
 e - a potion of heal wounds {unknown}
 f - a potion of might
 h - a potion of mutation
 i - a potion of cancellation


   Skills:
 - Level 2.0 Fighting
 * Level 7.6 Ranged Weapons
 - Level 2.1 Dodging
 - Level 1.0 Stealth


You had 4 spell levels left.
You didn't know any spells.
Your spell library contained the following spells:

 Spells                   Type           Power      Damage    Failure   Level
 Ensorcelled Hibernation  Hex/Ice        0%         N/A       61%         2
 Spider Form              Tmut/Pois      0%         N/A       83%         3
 Anguish                  Hex/Necr       0%         N/A       99%         4


Dungeon Overview and Level Annotations

Branches:
Dungeon (4/15)
 Temple: D:4-7

Altars:


Innate Abilities, Weirdness & Mutations

You have a beak for a mouth.
You have claws for feet.
Your magical nature lets you fly swiftly and evasively.


Message History

An orc comes into view. It is wielding a +0 war axe.
You shoot an arrow. The arrow barely misses the orc.
The orc shouts!
The arrow hits the orc but does no damage.
You shoot an arrow. The arrow barely misses the orc.
The arrow hits the orc but does no damage.
The orc barely misses you.
You shoot an arrow.
The arrow hits the orc but does no damage.
The orc is heavily wounded.
The orc throws a stone.
The stone hits you. The orc hits you but does no damage.
You shoot an arrow. The arrow barely misses the orc.
The orc closely misses you.
You shoot an arrow. The arrow hits the orc.
The orc is heavily wounded.
The orc hits you with a +0 hand axe.
The orc hits you with a +2 falchion of protection! x2
The orc hits you but does no damage. The orc completely misses you.
You are too injured to fight recklessly!
You are too injured to fight recklessly!
You shoot an arrow. The arrow hits the orc.
You kill the orc!
The orc closely misses you. The orc barely misses you. x2
The orc hits you but does no damage.
Things that are here:
a +0 hand axe; a +0 ring mail; an orc corpse You shoot an arrow.
The arrow hits the orc but does no damage.
The orc closely misses you. x2
The orc hits you with a +2 falchion of protection.
The orc hits you but does no damage.
You shoot an arrow. The arrow closely misses the orc.
The orc barely misses you. The orc misses you. The orc barely misses you.
The orc hits you with a +2 falchion of protection.
* * * LOW HITPOINT WARNING * * *
You shoot an arrow. The arrow barely misses the orc.
The orc closely misses you.
The orc hits you with a +2 falchion of protection.
You die...

#...............
#.......#####+##
#.......#
#.......#
####.......#
#.....######
#.....# #...o.#
#...o@#
).'.....#
###......
...)......
...........
.)..........
.............
.............#


You could see 2 orcs.

Vanquished Creatures
  A necrophage (D:4)
  A scorpion (D:3)
  An adder (D:2)
  4 worms
  3 dart slugs
  4 orcs
  5 ball pythons
  4 endoplasms
  4 goblins
  9 hobgoblins
  4 jackals (D:1)
  A kobold (D:1)
  2 quokkas (D:1)
  6 bats
  A frilled lizard (D:3)
  8 rats
58 creatures vanquished.

Notes
Turn   | Place    | Note
-------+----------+-------------------------------------------
     0 | D:1      | HoaS the Tengu Hunter began the quest for the Orb.
     0 | D:1      | Reached XP level 1. HP: 12/12 MP: 2/2
   293 | D:1      | Reached XP level 2. HP: 17/17 MP: 3/3
   365 | D:1      | Reached skill level 5 in Ranged Weapons
   367 | D:1      | Found a faded altar of an unknown god.
   606 | D:1      | Reached XP level 3. HP: 15/21 MP: 4/4
  1357 | D:2      | Reached skill level 6 in Ranged Weapons
  1357 | D:2      | Reached XP level 4. HP: 26/26 MP: 5/5
  1870 | D:3      | Noticed a scorpion
  1890 | D:3      | Killed a scorpion
  1891 | D:3      | Gained mutation: Your magical nature lets you fly swiftly
                  | and evasively. [Tengu growth]
  1891 | D:3      | Reached XP level 5. HP: 19/30 MP: 6/6
  2040 | D:3      | Reached skill level 7 in Ranged Weapons
  2674 | D:4      | Slain by an orc

Illustrated notes

Levels and vault maps discovered:
D:1:      minmay_arrival_widening_spiral_narrow, layout_basic,
          hellmonk_ecumenical_altar_run_dry
D:2:      layout_loops_ring
D:3:      layout_loops_ring
D:4:      layout_gridville, uniq_natasha

Skill      XL: |  1  2  3  4  5 |
---------------+----------------+-----
Ranged Weapons | 5 6 7 |  7.6
Fighting       | |  2.0
Dodging        | |  2.1
Stealth        | |  1.0

Action                   |  1- 3 |  4- 6 || total
-------------------------+-------+-------++-------
 Fire: Shortbow          |   102 |    69 ||   171
  Use: Scroll            |     4 |     8 ||    12
       Potion            |       |     1 ||     1
Armor: Leather armour    |    17 |     5 ||    22
       Skin              |       |     2 ||     2
Dodge: Dodged            |    28 |    19 ||    47

Table legend: (Time is in decaauts)
 A = Elapsed time spent in this place.
 B = Non-inter-level travel time spent in this place.
 C = Inter-level travel time spent in this place.
 D = Time resting spent in this place.
 E = Time spent auto-exploring this place.
 F = Levels seen in this place.
 G = Mean time per level.
                   A        B        C        D        E       F      G
               +--------+--------+--------+--------+--------+-----+--------+
         Total |   2682 |   2602 |     80 |    487 |   1736 |   4 |  670.5 |
       Dungeon |   2682 |   2602 |     80 |    487 |   1736 |   4 |  670.5 |
               +--------+--------+--------+--------+--------+-----+--------+

Top non-repeatable levels by time:
     D:1: 924 daAuts
     D:3: 768 daAuts
     D:2: 666 daAuts
     D:4: 322 daAuts
